 Dungeon Crawl Stone Soup version 0.21-a0-506-ga0ee87aef2 (webtiles) character file.

513 Kaname the Conjurer (level 7, 46/46 HPs)
             Began as a Demonspawn Wizard on Nov 27, 2017.
             Was a Follower of Vehumet.
             Quit the game in an ossuary.
             The game lasted 00:16:15 (4374 turns).

Kaname the Conjurer (Demonspawn Wizard)             Turns: 4374, Time: 00:16:16

Health: 46/46      AC:  7    Str:  8    XL:     7   Next: 0%
Magic:  5/13       EV: 11    Int: 21    God:    Vehumet [*.....]
Gold:   189        SH:  3    Dex: 11    Spells: 5/14 levels left

rFire    + . .     SeeInvis .   j - +1 spear
rCold    + . .     Gourm    .   o - +0 buckler
rNeg     . . .     Faith    .   a - +0 robe
rPois    .         Spirit   .   b - +0 hat
rElec    .         Reflect  .   p - +0 cloak
rCorr    .         Harm     .   g - +0 pair of gloves
MR       .....                  r - +0 pair of boots
Stlth    +++.......             (no amulet)
HPRegen  0.15/turn              k - ring of protection from cold
MPRegen  0.13/turn              e - ring of stealth

@: no status effects
A: thin metallic scales 1, fire resistance 1, flame cloud immunity
a: Renounce Religion


You were in an ossuary.
You worshipped Vehumet.
Vehumet was aware of your devotion.
You were hungry.

You visited 2 branches of the dungeon, and saw 6 of its levels.
You also visited: Ossuary.

You collected 189 gold pieces.

Inventory:

Hand Weapons
 j - a +1 spear (weapon)
Missiles
 y - a throwing net (quivered)
Armour
 a - a +0 robe (worn)
 b - a +0 hat (worn)
 g - a +0 pair of gloves (worn)
 o - a +0 buckler (worn)
 p - a +0 cloak (worn)
 r - a +0 pair of boots (worn)
Jewellery
 e - a ring of stealth (right hand)
 k - a ring of protection from cold (left hand)
 v - an uncursed ring of protection from fire
Scrolls
 f - 2 scrolls of remove curse
 h - 2 scrolls of amnesia
 m - 3 scrolls of enchant armour
 n - 3 scrolls of teleportation
Potions
 q - 2 potions of resistance {unknown}
 t - a potion of might {unknown}
 u - a potion of cancellation {unknown}
 w - 2 potions of curing {unknown}
 x - 4 potions of heal wounds {unknown}
 z - a potion of degeneration {unknown}
Comestibles
 d - 2 bread rations
 A - a royal jelly


   Skills:
 - Level 1.7 Dodging
 - Level 1.7 Stealth
 - Level 4.1 Spellcasting
 + Level 4.3 Conjurations
   Level 1.0 Summonings
 - Level 1.0 Translocations
 - Level 2.1 Fire Magic
 - Level 3.0 Air Magic
 - Level 2.0 Poison Magic


You had 5 spell levels left.
You knew the following spells:

 Your Spells              Type           Power        Failure   Level  Hunger
a - Magic Dart            Conj           ###.         3%          1    None
b - Blink                 Tloc           N/A          21%         2    #......
c - Mephitic Cloud        Conj/Pois/Air  ###.....     17%         3    ###....
d - Conjure Flame         Conj/Fire      ###.....     16%         3    ###....


Dungeon Overview and Level Annotations

Branches:
Dungeon (5/15)             Temple (1/1) D:4

Altars:
Ashenzari
Dithmenos
Elyvilon
Gozag
Hepliaklqana
Makhleb
Okawaru
Qazlal
Ru
Sif Muna
Trog
Uskayaw
Vehumet
Wu Jian
Xom
Yredelemnul
Zin
The Shining One

Annotations:
D:5 1 transporter


Innate Abilities, Weirdness & Mutations

You are partially covered in thin metallic scales. (AC +2)
Your flesh is heat resistant. (rF+)
You are immune to clouds of flame.


Message History

You open the door.
There is an open door here.
You are feeling hungry.
There is an open door here.
Okay, then.
You open the door.
A hobgoblin zombie comes into view.
You hit the hobgoblin zombie.
The hobgoblin zombie is moderately damaged.
The hobgoblin zombie barely misses you.
You hit the hobgoblin zombie.
The hobgoblin zombie is severely damaged.
The hobgoblin zombie barely misses you.
You hit the hobgoblin zombie.
You destroy the hobgoblin zombie!
Vehumet accepts your kill.
You have reached level 7!
Your demonic ancestry asserts itself...
Thin metallic scales grow over part of your body.
Are you sure you want to abandon this character and quit the game? (Confirm with "yes".)

#..'.######
#..#.'....#
#..#.#....#
#..###....#
#..'.#....#
#..#.#######+###
#..#...#...#...
#..#####'###'###+##
#..........@.......
#∩.................
###################


There were no monsters in sight!

Vanquished Creatures
  A sky beast (D:5)
  The ghost of Dracia the Shooter, an amateur CeHu (D:3)
  A troll zombie (Ossuary)
  A scorpion (D:5)
  A bullfrog zombie (D:5)
  An ogre zombie (Ossuary)
  3 gnolls (D:2)
  5 adders
  An ooze (D:2)
  An adder zombie (Ossuary)
  5 worms
  3 dart slugs
  4 leopard geckos
  10 bats
  3 giant cockroaches
  8 goblins
  6 hobgoblins
  6 jackals
  9 kobolds
  2 quokkas (D:3)
  A ball python (D:4)
  5 frilled lizards
  A goblin zombie (Ossuary)
  2 hobgoblin zombies (Ossuary)
  A jackal skeleton (D:5)
  3 kobold zombies (Ossuary)
  An orc zombie (Ossuary)
  2 quokka skeletons (D:5)
  A quokka zombie (Ossuary)
  9 rats
  2 rat zombies (Ossuary)
100 creatures vanquished.

Notes
Turn   | Place    | Note
-------+----------+-------------------------------------------
     0 | D:1      | Kaname the Demonspawn Wizard began the quest for the Orb.
     0 | D:1      | Reached XP level 1. HP: 13/13 MP: 4/4
   234 | D:1      | Gained mutation: Your flesh is heat resistant. (rF+) [demonic ancestry]
   234 | D:1      | Reached XP level 2. HP: 13/19 MP: 4/6
   238 | D:1      | Learned a level 2 spell: Blink
   773 | D:1      | Reached XP level 3. HP: 24/24 MP: 0/7
   778 | D:1      | Learned a level 3 spell: Mephitic Cloud
   988 | D:2      | Reached skill level 1 in Translocations
  1071 | D:2      | Reached skill level 1 in Air Magic
  1085 | D:2      | Found a glowing silver altar of Zin.
  1299 | D:2      | Reached skill level 1 in Poison Magic
  1358 | D:2      | Gained mutation: You are immune to clouds of flame. [demonic ancestry]
  1358 | D:2      | Reached XP level 4. HP: 7/30 MP: 0/8
  1734 | D:2      | Learned a level 3 spell: Conjure Flame
  2114 | D:3      | Noticed Dracia's ghost (amateur CeHu)
  2242 | D:3      | Reached skill level 1 in Fire Magic
  2338 | D:3      | Reached XP level 5. HP: 35/35 MP: 4/9
  2640 | D:3      | Killed Dracia's ghost
  3566 | D:4      | Found a staircase to the Ecumenical Temple.
  3578 | Temple   | Entered the Ecumenical Temple
  3613 | Temple   | Became a worshipper of Vehumet
  3662 | D:5      | Entered Level 5 of the Dungeon
  3676 | D:5      | Noticed an ice beast
  3693 | D:5      | Found a transporter.
  3724 | D:5      | Found a sand-covered staircase.
  3833 | D:5      | Reached XP level 6. HP: 38/41 MP: 1/12
  3929 | D:5      | Noticed a sky beast
  3985 | D:5      | Killed a sky beast
  4019 | Ossuary  | Entered an ossuary
  4300 | Ossuary  | Reached * piety under Vehumet
  4300 | Ossuary  | Offered knowledge of Sting by Vehumet.
  4373 | Ossuary  | Gained mutation: You are partially covered in thin metallic scales. (AC +2) [demonic ancestry]
  4373 | Ossuary  | Reached XP level 7. HP: 46/46 MP: 5/13
  4374 | Ossuary  | Quit the game

Vault maps used:
D:1:      co_arrival_random_square_maze
D:2:      old_standard_altar
D:4:      lemuel_temple_firewalk_b
D:5:      gammafunk_wand_slinger, first_bread,
          lightli_ossuary_entry_decrepit_ruins, serial_curves, eino_curves_03,
          eino_curves_04, feat_on_display
Temple:   grunt_wide_crystal_templ
Ossuary:  ossuary_boxes_badplayer

Skill      XL: |  1  2  3  4  5  6 |
---------------+-------------------+-----
Conjurations   | 2 3 4 |  4.3
Translocations | 1 |  1.0
Air Magic      | 1 3 |  3.0
Poison Magic   | 1 2 |  2.0
Fire Magic     | 1 2 |  2.1
Spellcasting   | 4 |  4.1
Dodging        | |  1.7
Stealth        | |  1.7
Summonings     | |  1.0

Action                   |  1- 3 |  4- 6 |  7- 9 || total
-------------------------+-------+-------+-------++-------
Melee: Short sword       |    61 |     2 |       ||    63
       Spear             |       |   179 |       ||   179
 Cast: Magic Dart        |    76 |   127 |       ||   203
       Conjure Flame     |       |     9 |       ||     9
       Mephitic Cloud    |       |     2 |       ||     2
  Use: Potion            |     1 |       |       ||     1
       Scroll            |       |     8 |       ||     8
 Stab: Sleeping          |       |     8 |       ||     8
       Confused          |       |     2 |       ||     2
  Eat: Chunk             |     1 |     6 |       ||     7
       Bread ration      |       |     1 |       ||     1
Armor: Robe              |    11 |    52 |       ||    63
Dodge: Dodged            |    52 |    76 |       ||   128
Block: Buckler           |     1 |    17 |       ||    18

Table legend:
 A = Spawn XP
 B = Non-spawn XP
 C = Spawn XP percentage of total XP
 D = Spawn monster count
 E = Non-spawn monster count
 F = Spawn count percentage of total count
 G = Total turns spent on level
                    A         B        C        D         E        F      G
               +---------+---------+-------+---------+---------+-------+---------
         Total |       0 |     733 |   0.0 |       0 |     100 |   0.0 |  4374
               +---------+---------+-------+---------+---------+-------+---------
           D:1 |       0 |      43 |   0.0 |       0 |      21 |   0.0 |   919
           D:2 |       0 |     120 |   0.0 |       0 |      24 |   0.0 |  1179
           D:3 |       0 |     186 |   0.0 |       0 |      30 |   0.0 |  1104
           D:4 |       0 |      28 |   0.0 |       0 |       6 |   0.0 |   415
           D:5 |       0 |     248 |   0.0 |       0 |       6 |   0.0 |   357
       Ossuary |       0 |     108 |   0.0 |       0 |      13 |   0.0 |   355
               +---------+---------+-------+---------+---------+-------+---------
